 Dungeon Crawl Stone Soup version 0.29.1-13-g9f3cf754e1 (webtiles) character file.

Game seed: 9998305157659326925

1055 hbarley the Cleaver (level 8, 0/69 HPs)
             Began as a Hill Orc Fighter on Jan 31, 2023.
             Was a Follower of Elyvilon.
             Slain by Pikel
             ... wielding a +2 whip of flaming
              (9 damage)
             ... on level 5 of the Dungeon.
             The game lasted 00:13:03 (5079 turns).

hbarley the Cleaver (Hill Orc Fighter)              Turns: 5079, Time: 00:13:03

Health: 0/69       AC: 13    Str: 19    XL:     8   Next: 26%
Magic:  10/10      EV: 11    Int:  8    God:    Elyvilon [*.....]
Gold:   283        SH:  5    Dex: 12    Spells: 7/7 levels left

rFire   . . .      SeeInvis .   a - +0 war axe
rCold   . . .      Faith    .   c - +0 buckler
rNeg    . . .      Spirit   .   i - +0 chain mail {rPois}
rPois   +          Reflect  .   (no helmet)
rElec   .          Harm     .   C - +1 cloak
rCorr   .          Rampage  .   s - +0 pair of gloves
Will    .....                   (no boots)
Stlth   ..........              z - amulet of magic regeneration
HPRegen 0.21/turn               y - +4 ring of evasion
MPRegen 0.52/turn               (no ring)

@: mighty
A: no striking features
a: Renounce Religion, Purification


You were on level 5 of the Dungeon.
You worshipped Elyvilon.
Elyvilon was aware of your devotion.
You visited 1 branch of the dungeon, and saw 6 of its levels.

You collected 283 gold pieces.

Inventory:

Hand Weapons
 a - a +0 war axe (weapon)
Armour
 b - a +0 scale mail
 c - a +0 buckler (worn)
 i - a +0 chain mail of poison resistance (worn)
 s - a +0 pair of gloves (worn)
 u - a +0 cloak
 C - a +1 cloak (worn)
Jewellery
 y - a +4 ring of evasion (left hand)
 z - an amulet of magic regeneration (around neck)
 B - a ring of flight
 F - a ring of ice
Wands
 m - a wand of mindburst (4)
 A - a wand of roots (7)
Scrolls
 e - 2 scrolls of blinking {unknown}
 j - a scroll of magic mapping {unknown}
 k - a scroll of torment {unknown}
 l - 3 scrolls of immolation {unknown}
 p - 3 scrolls of teleportation {unknown}
 q - a scroll of amnesia {unknown}
 r - 3 scrolls of identify {unknown}
 v - a scroll of poison {unknown}
 E - a scroll of summoning {unknown}
Potions
 f - a potion of resistance {unknown}
 g - 2 potions of degeneration {unknown}
 h - 2 potions of ambrosia {unknown}
 n - 4 potions of curing {unknown}
 o - a potion of attraction {unknown}
 t - 2 potions of haste
 w - 2 potions of lignification {unknown}
 x - a potion of cancellation {unknown}
 D - a potion of heal wounds


   Skills:
 + Level 5.5 Fighting
 + Level 8.7 Axes
 + Level 4.7 Armour
 + Level 1.0 Dodging
 - Level 0.8 Stealth
 + Level 5.2 Shields
 * Level 3.1 Invocations


You had 7 spell levels left.
You didn't know any spells.
Your spell library contained the following spells:

 Spells                   Type           Power      Damage    Failure   Level
 Ozocubu's Armour         Ice            0%         N/A       100%        3
 Freezing Cloud           Conj/Ice/Air   0%         6-21      100%        5
 Metabolic Englaciation   Hex/Ice        0%         N/A       100%        5
 Simulacrum               Ice/Necr       0%         N/A       100%        6
 Polar Vortex             Ice            0%         N/A       100%        9


Dungeon Overview and Level Annotations

Branches:
Dungeon (6/15)             Temple (0/1) D:5

Altars:
Dithmenos
Elyvilon
Sif Muna

Shops:
D:1 (

Annotations:
D:5 Pikel


Message History

Pikel is heavily wounded.
You slash the lemure!
You kill the lemure!
That felt strangely unrewarding.
Pikel barely misses you.
You slash Pikel!
Pikel is severely wounded.
You hit the lemure. The lemure completely misses you. Pikel closely misses you.
You closely miss Pikel.
Pikel is severely wounded.
You slash the lemure! The lemure hits you.
* * * LOW HITPOINT WARNING * * *
Pikel closely misses you.
Pikel cracks his whip.
Pikel attacks as you move away!
Pikel hits you with a +2 whip of flaming.
* * * LOW HITPOINT WARNING * * *
Pikel burns you.
* * * LOW HITPOINT WARNING * * *
Pikel says, "I touched Geryon's horn once."
Pikel says, "I knew I should've brought a map."
Pikel attacks as you move away! Pikel misses you.
Pikel attacks as you move away! Pikel hits you but does no damage.
Pikel attacks as you move away! Pikel hits you but does no damage.
There is a stone staircase leading up here.
Pikel completely misses you.
You climb upwards.
There is a stone staircase leading down here.
You closely miss Pikel.
Pikel is severely wounded.
Pikel hits you with a +2 whip of flaming.
* * * LOW HITPOINT WARNING * * *
Pikel burns you.
* * * LOW HITPOINT WARNING * * *
You hit Pikel.
Pikel is severely wounded.
Pikel hits you but does no damage. x2
You hit Pikel.
Pikel is almost dead.
Pikel hits you with a +2 whip of flaming!
You die...

........##.......................
.......###.....#.................
#.....###......#........#........
........##..............#........
.#......................#..#.....
.#.........................##....
..............#...####.##..##.)..
..........#......K.##..##..#.....
.........####...@...##..#........
................#.........##.....
#.........>....###........##.....
###.............##..#.#..###..##.
#..............#..##...##.<....
##..###..................#......
##....##..........##.............
#.....##......#.#.........##.....
###....#...##.#.#...#.....##.....


You could see Pikel.

Vanquished Creatures
  2 ogres (D:5)
  2 lemures (D:6)
  3 phantoms
  Blork the orc (D:4)
  A bullfrog (D:5)
  A scorpion (D:5)
  A howler monkey (D:5)
  A gnoll bouda (D:3)
  A hound (D:5)
  Jessica (D:3)
  An iguana (D:5)
  An orc wizard (D:3)
  7 gnolls
  11 adders
  2 worms (D:2)
  6 dart slugs
  9 orcs
  11 bats
  4 endoplasms
  5 giant cockroaches
  7 goblins
  4 hobgoblins
  8 jackals
  7 quokkas
  13 ball pythons
  3 frilled lizards
  8 kobolds
  5 rats
126 creatures vanquished.

Vanquished Creatures (others)
  An orc wizard (D:3)
1 creature vanquished.

Grand Total: 127 creatures vanquished

Notes
Turn   | Place    | Note
-------+----------+-------------------------------------------
     0 | D:1      | hbarley the Hill Orc Fighter began the quest for the Orb.
     0 | D:1      | Reached XP level 1. HP: 19/19 MP: 1/1
   181 | D:1      | Found a faded altar of an unknown god.
   207 | D:1      | Reached XP level 2. HP: 23/27 MP: 2/2
   260 | D:1      | Found Qahoz's Antique Weapon Boutique.
   707 | D:1      | Reached skill level 3 in Axes
   707 | D:1      | Reached XP level 3. HP: 33/33 MP: 3/3
  1273 | D:2      | Reached skill level 4 in Axes
  1273 | D:2      | Reached XP level 4. HP: 29/40 MP: 4/4
  1734 | D:2      | Reached skill level 5 in Axes
  1734 | D:2      | Reached XP level 5. HP: 46/46 MP: 5/5
  3091 | D:3      | Noticed Jessica
  3102 | D:3      | Killed Jessica
  3103 | D:3      | Reached skill level 6 in Axes
  3177 | D:3      | Reached XP level 6. HP: 51/53 MP: 6/6
  3583 | D:4      | Noticed Blork the orc
  3591 | D:4      | Killed Blork the orc
  3795 | D:4      | Reached XP level 7. HP: 55/60 MP: 7/7
  3838 | D:4      | Reached skill level 7 in Axes
  3994 | D:4      | Found a shadowy altar of Dithmenos.
  3994 | D:4      | Found a white marble altar of Elyvilon.
  3995 | D:4      | Found a shimmering blue altar of Sif Muna.
  4002 | D:4      | Became a worshipper of Elyvilon the Healer
  4123 | D:5      | Entered Level 5 of the Dungeon
  4278 | D:5      | Reached skill level 5 in Fighting
  4278 | D:5      | Reached skill level 1 in Invocations
  4418 | D:5      | Reached skill level 8 in Axes
  4418 | D:5      | Reached skill level 5 in Shields
  4632 | D:5      | Reached skill level 1 in Dodging
  4632 | D:5      | Reached XP level 8. HP: 68/68 MP: 9/9
  4731 | D:5      | Reached * piety under Elyvilon
  4867 | D:5      | Found a staircase to the Ecumenical Temple.
  5043 | D:6      | Noticed Pikel
  5079 | D:5      | Slain by Pikel

Illustrated notes

Levels and vault maps discovered:
D:1:      minmay_arrival_doors, layout_loops_ring, serial_shops,
          nicolae_shop_crystal, shapermc_ecumenical_altar_venn,
          grunt_decor_fettered, minmay_pentomino_s4
D:2:      layout_basic
D:3:      layout_loops_ring, kennysheep_generic_room_6, uniq_jessica
D:4:      layout_gridville, gammafunk_temple_overflow_claw, uniq_blork_the_orc
D:5:      layout_cave_pools, temple_green
D:6:      layout_loops_ring, uniq_prince_ribbit1, uniq_pikel

Skill      XL: |  1  2  3  4  5  6  7  8 |
---------------+-------------------------+-----
Fighting       | 4 5 |  5.5
Axes           | 3 4 5 6 8 |  8.7
Shields        | 4 5 |  5.2
Armour         | 4 |  4.7
Invocations    | 2 3 |  3.1
Dodging        | 1 |  1.0
Stealth        | |  0.8

Action                   |  1- 3 |  4- 6 |  7- 9 || total
-------------------------+-------+-------+-------++-------
Melee: War axe           |   107 |   188 |   151 ||   446
  Use: Potion            |       |       |     1 ||     1
Armor: Scale mail        |    24 |       |       ||    24
       Chain mail        |    78 |   116 |    63 ||   257
Dodge: Dodged            |    42 |    64 |    88 ||   194
Block: Buckler           |    31 |    47 |    39 ||   117
